 Dungeon Crawl Stone Soup version 0.23.2-1-ga50397a (webtiles) character file.

Game seed: 7423343196768156122

8626 Borgoz the Cleaver (level 11, -10/94 HPs)
             Began as a Hill Orc Gladiator on May 15, 2019.
             Was a High Priest of Makhleb.
             Mangled by an eight-headed hydra (12 damage)
             ... on level 11 of the Dungeon.
             The game lasted 00:28:06 (12407 turns).

Borgoz the Cleaver (Hill Orc Gladiator)            Turns: 12407, Time: 00:28:08

Health: -10/94     AC: 16    Str: 23    XL:     11   Next: 33%
Magic:  14/14      EV: 12    Int:  8    God:    Makhleb [*****.]
Gold:   447        SH:  0    Dex: 15    Spells: 12/13 levels left

rFire    . . .     SeeInvis .   a - +0 hand axe (venom)
rCold    . . .     Gourm    .   (no shield)
rNeg     . . .     Faith    +   q - +0 chain mail
rPois    .         Spirit   .   c - +0 helmet
rElec    .         Reflect  .   (no cloak)
rCorr    +         Harm     .   k - +2 pair of gloves
MR       .....                  (no boots)
Stlth    ..........             l - amulet of faith
HPRegen  0.25/turn              n - ring of wizardry
MPRegen  0.14/turn              t - ring of resist corrosion

@: mighty, about to teleport
A: no striking features
a: Minor Destruction, Lesser Servant of Makhleb, Major Destruction, Greater
Servant of Makhleb, Renounce Religion


You were on level 11 of the Dungeon.
You worshipped Makhleb.
Makhleb was extremely pleased with you.
You were not hungry.

You visited 2 branches of the dungeon, and saw 12 of its levels.

You collected 573 gold pieces.
You spent 126 gold pieces at shops.

Inventory:

Hand Weapons
 a - a +0 hand axe of venom (weapon)
 b - the +8 flail of the Open Hand {crush, MR- Int+4}
   (You found it on level 10 of the Dungeon)

   It inflicts extra damage upon your enemies.
   It affects your intelligence (+4).
   It affects your resistance to hostile enchantments.
 g - a +1 morningstar
 E - a +1 war axe
 G - a +2 whip of draining
Missiles
 i - 2 throwing nets (quivered)
Armour
 c - a +0 helmet (worn)
 k - a +2 pair of gloves (worn)
 m - the +0 leather armour "Myucint" {rPois}
   (You found it on level 10 of the Dungeon)

   It protects you from poison.
 p - a +1 crystal plate armour
 q - a +0 chain mail (worn)
 F - a +0 troll leather armour
Jewellery
 l - an amulet of faith (around neck)
 n - a ring of wizardry (left hand)
 t - a ring of resist corrosion (right hand)
 v - an uncursed ring of fire
 x - an uncursed ring of protection from magic
 C - a +5 ring of intelligence
Scrolls
 d - 2 scrolls of enchant weapon
 e - 7 scrolls of teleportation
 u - 5 scrolls of identify
 w - a scroll of amnesia
 y - a scroll of enchant armour
 A - 2 scrolls of remove curse
 D - 2 scrolls of magic mapping
Potions
 j - 2 potions of haste
 o - 4 potions of resistance
 r - 2 potions of magic
 s - a potion of mutation
 z - a potion of cancellation
 B - 3 potions of might
Comestibles
 f - 18 rations


   Skills:
 + Level 8.0 Fighting
 + Level 9.1 Axes
 - Level 1.8 Throwing
 * Level 9.1 Armour
 * Level 7.4 Dodging
 - Level 5.0 Stealth
 + Level 1.5 Spellcasting
 + Level 2.0 Hexes
 - Level 5.0 Invocations
 + Level 4.5 Evocations


You had 12 spell levels left.
You knew the following spells:

 Your Spells              Type           Power        Failure   Level  Hunger
a - Confusing Touch       Hex            #.....       34%         1    ##.....

Your spell library contained the following spells:

 Spells                   Type           Power        Failure   Level  Hunger
 Slow                     Hex            #.......     47%         2    ###....
 Animate Skeleton         Necr           N/A          63%         1    ##.....
 Apportation              Tloc           #.....       63%         1    ##.....
 Beastly Appendage        Tmut           #.....       63%         1    ##.....
 Magic Dart               Conj           #...         63%         1    ##.....
 Summon Small Mammal      Summ           #...         63%         1    ##.....
 Blink                    Tloc           N/A          77%         2    ###....
 Call Imp                 Summ           #.......     77%         2    ###....
 Sticks to Snakes         Tmut           #.......     77%         2    ###....
 Conjure Flame            Conj/Fire      #.......     92%         3    ####...
 Ignite Poison            Fire/Tmut/Pois #.......     92%         3    ####...
 Mephitic Cloud           Conj/Pois/Air  #.......     92%         3    ####...
 Spider Form              Tmut/Pois      #.........   92%         3    ####...
 Ice Form                 Ice/Tmut       #.......     100%        4    #####..
 Blade Hands              Tmut           #.........   100%        5    ######.
 Fireball                 Conj/Fire      #.........   100%        5    ######.
 Bolt of Fire             Conj/Fire      #.........   100%        6    #######
 Ring of Flames           Chrm/Fire      #.........   100%        7    #######
 Ignition                 Fire           #.........   100%        8    #######


Dungeon Overview and Level Annotations

Branches:
Dungeon (11/15)            Temple (1/1) D:6            Lair (0/6) D:8
    Orc: D:9-12

Altars:
Ashenzari
Cheibriados
Dithmenos
Elyvilon
Fedhas
Gozag
Hepliaklqana
Kikubaaqudgha
Makhleb
Nemelex Xobeh
Okawaru
Qazlal
Ru
Sif Muna
Trog
Uskayaw
Vehumet
Wu Jian
Xom
Yredelemnul
Zin
The Shining One

Shops:
D:5 *

Annotations:
D:3 3 runed translucent doors, exclusion: oklob plant, raikaria's ghost, amateur HaGl
D:9 2 runed translucent doors, exclusion: orange crystal statue


Message History

The eight-headed hydra bites you!
* * * LOW HITPOINT WARNING * * *
Unknown command.
Evoke which item? (* to show all) (? for menu, Esc to quit)
Aiming: Cloud Cone
Press: ? - help, Dir - move target cursor, f - eight-headed hydra
Aim: an eight-headed hydra You create a blast of poison gas!
The now-empty wand crumbles to dust.
You kill the iguana!
Makhleb accepts your kill.
You feel better. The centaur barely misses you.
The centaur warrior skeleton misses you.
The bullfrog hits you.
* * * LOW HITPOINT WARNING * * *
The centaur unwields a +0 shortbow.
The centaur closely misses you. x2
The centaur is engulfed in poison gas.
The centaur looks even sicker.
The centaur hits you with a cursed -2 shortbow.
* * * LOW HITPOINT WARNING * * *
The eight-headed hydra bites you!
You die...

...##) ...
##.............##....
#....$..........#....
####....Q...............
................c.......
.............###c.......
............ #.)........
. ......ccc## #..<......#
..> #.cc@Dc#.Q.....$....
.....#.†ZF#§§§...........
.......<####.#...........
.#.....(# .. #...........
##...(## . ............
##((# .F.........$. ###
..............


You could see an eight-headed hydra, a centaur warrior, a tengu conjurer, a
bullfrog, 5 centaurs and a centaur warrior skeleton.

Vanquished Creatures
  2 two-headed ogres
  A centaur skeleton (D:10)
  A troll (D:10)
  A hornet (D:10)
  Prince Ribbit (D:7)
  5 hippogriffs
  A spriggan (D:10)
  3 wyverns
  A human (D:10)
  A water moccasin (D:10)
  2 porcupines (D:8)
  3 ice beasts
  A sky beast (D:6)
  4 phantoms
  2 orc warriors
  A necrophage (D:10)
  6 ogres
  A crocodile (D:8)
  2 centaurs
  4 bullfrogs
  A scorpion (D:7)
  3 killer bees (D:9)
  5 wights (D:9)
  A howler monkey (D:9)
  3 electric eels (D:10)
  4 crimson imps
  A quasit (D:10)
  A bullfrog zombie (D:5)
  5 hounds
  3 jellies
  18 orc wizards
  3 orc priests
  2 bullfrog skeletons
  Natasha (thrice) (D:3)
  5 iguanas
  12 worker ants
  A hound zombie (D:9)
  6 gnolls
  2 howler monkey skeletons
  14 adders
  4 shadow imps
  An ooze (D:5)
  2 adder zombies
  2 adder skeletons (D:6)
  5 worms
  4 dart slugs
  7 leopard geckos
  45 orcs
  3 ball pythons
  5 bats
  3 giant cockroaches
  12 goblins
  6 hobgoblins
  13 jackals
  12 kobolds
  7 quokkas
  10 frilled lizards
  2 jackal skeletons
  A leopard gecko skeleton (D:6)
  10 rats
  4 fungi (D:8)
  5 plants
299 creatures vanquished.

Vanquished Creatures (others)
  An orc wizard (D:6)
  17 toadstools (D:3)
18 creatures vanquished.

Grand Total: 317 creatures vanquished

Notes
Turn   | Place    | Note
-------+----------+-------------------------------------------
     0 | D:1      | Borgoz the Hill Orc Gladiator began the quest for the Orb.
     0 | D:1      | Reached XP level 1. HP: 18/18 MP: 1/1
   246 | D:1      | Reached XP level 2. HP: 25/25 MP: 2/2
   414 | D:1      | Reached XP level 3. HP: 30/30 MP: 3/3
   544 | D:1      | Reached skill level 1 in Armour
  1262 | D:2      | Reached skill level 1 in Stealth
  1262 | D:2      | Reached XP level 4. HP: 38/38 MP: 4/4
  1393 | D:2      | Found a white marble altar of Elyvilon.
  1766 | D:2      | Reached XP level 5. HP: 43/45 MP: 5/5
  1913 | D:2      | Found a basalt altar of Yredelemnul.
  2097 | D:2      | Found an iron altar of Okawaru.
  2396 | D:3      | Noticed Natasha
  2404 | D:3      | Killed Natasha
  2404 | D:3      | Reached skill level 5 in Axes
  2529 | D:3      | Found a sacrificial altar of Ru.
  2535 | D:3      | Reached XP level 6. HP: 52/52 MP: 6/6
  2697 | D:3      | Found a runed translucent gate.
  2697 | D:3      | Found a runed translucent gate.
  2697 | D:3      | Found a runed translucent gate.
  2752 | D:3      | Noticed raikaria's ghost (amateur HaGl)
  2792 | D:3      | Noticed Natasha
  2804 | D:3      | Killed Natasha
  2824 | D:3      | Noticed Natasha
  2829 | D:3      | Noticed a phantom
  2833 | D:3      | Killed Natasha
  2845 | D:3      | Killed a phantom
  3499 | D:3      | Found a blossoming altar of Fedhas.
  3591 | D:3      | Noticed an oklob plant
  3790 | D:4      | Found a glowing silver altar of Zin.
  3810 | D:4      | Reached XP level 7. HP: 57/60 MP: 7/7
  4494 | D:4      | Reached skill level 5 in Fighting
  4762 | D:4      | Found a deep blue altar of Sif Muna.
  4829 | D:4      | Found a glowing golden altar of the Shining One.
  5191 | D:5      | Entered Level 5 of the Dungeon
  5216 | D:5      | Reached XP level 8. HP: 42/68 MP: 8/8
  5354 | D:5      | Found a transporter.
  5419 | D:5      | Found Najinn's General Store.
  5422 | D:5      | Bought a scroll of identify for 28 gold pieces
  5422 | D:5      | Bought a scroll of identify for 28 gold pieces
  5422 | D:5      | Bought a scroll of identify for 28 gold pieces
  5422 | D:5      | Bought a scroll of remove curse for 42 gold pieces
  5536 | D:5      | Found an ancient bone altar of Kikubaaqudgha.
  5587 | D:5      | Found a transporter.
  5677 | D:5      | Found a burning altar of Makhleb.
  5678 | D:5      | Found a shimmering altar of Xom.
  5685 | D:5      | Became a worshipper of Makhleb the Destroyer
  5873 | D:5      | Found a stormy altar of Qazlal.
  5883 | D:5      | Reached skill level 5 in Armour
  6452 | D:6      | Reached skill level 1 in Invocations
  6474 | D:6      | Found a staircase to the Ecumenical Temple.
  6479 | Temple   | Entered the Ecumenical Temple
  6584 | D:6      | Reached * piety under Makhleb
  6592 | D:6      | Reached skill level 1 in Evocations
  6598 | D:6      | Reached skill level 5 in Dodging
  6975 | D:6      | Reached XP level 9. HP: 64/75 MP: 10/10
  7030 | D:6      | Reached ** piety under Makhleb
  7626 | D:7      | Noticed a two-headed ogre
  7637 | D:7      | Killed a two-headed ogre
  7977 | D:7      | Noticed Prince Ribbit
  7995 | D:7      | Killed Prince Ribbit
  8134 | D:7      | Reached XP level 10. HP: 71/84 MP: 11/13
  8239 | D:7      | Reached *** piety under Makhleb
  8618 | D:8      | Noticed a two-headed ogre
  8625 | D:8      | Killed a two-headed ogre
  8918 | D:8      | Reached skill level 5 in Stealth
  9175 | D:8      | Found a staircase to the Lair.
  9196 | D:8      | Reached skill level 5 in Invocations
 10132 | D:9      | Learned a level 1 spell: Confusing Touch
 10382 | D:10     | Entered Level 10 of the Dungeon
 10440 | D:9      | Reached **** piety under Makhleb
 10685 | D:9      | Found a runed translucent door.
 10696 | D:9      | Found the +10 large shield of Ignorance {rN+ Int-4}
 10698 | D:9      | Noticed an orange crystal statue
 10725 | D:9      | Found a runed translucent door.
 10805 | D:9      | Reached XP level 11. HP: 78/92 MP: 14/14
 10808 | D:9      | Reached skill level 1 in Hexes
 11142 | D:10     | Reached skill level 1 in Spellcasting
 11388 | D:10     | Got a shimmering leather armour
 11497 | D:11     | Noticed a centaur warrior
 11544 | D:10     | Reached ***** piety under Makhleb
 11595 | D:10     | Identified the cursed +0 leather armour "Myucint" {rPois}
                  | (You found it on level 10 of the Dungeon)
 12092 | D:10     | Got a crude flail
 12120 | D:10     | Identified the +8 flail of the Open Hand {crush, MR- Int+4}
                  | (You found it on level 10 of the Dungeon)
 12403 | D:11     | Noticed an eight-headed hydra
 12406 | D:11     | HP: 4/94 [eight-headed hydra (10)]
 12407 | D:11     | Mangled by an eight-headed hydra

Skill      XL: |  1  2  3  4  5  6  7  8  9 10 11 |
---------------+----------------------------------+-----
Armour         | 1 2 3 4 5 7 8 9 |  9.1
Fighting       | 3 4 5 6 7 8 |  8.0
Stealth        | 1 2 3 4 5 |  5.0
Dodging        | 3 4 5 6 7 |  7.4
Axes           | 5 6 7 8 9 |  9.1
Invocations    | 2 4 5 |  5.0
Evocations     | 1 2 4 |  4.5
Hexes          | 2 |  2.0
Spellcasting   | 1 |  1.5
Throwing       | |  1.8

Action                   |  1- 3 |  4- 6 |  7- 9 | 10-12 || total
-------------------------+-------+-------+-------+-------++-------
Melee: War axe           |   145 |   232 |   343 |   259 ||   979
       Hand axe          |       |       |       |   168 ||   168
Throw: Throwing net      |       |       |     4 |       ||     4
Evoke: Wand              |       |       |    24 |     4 ||    28
  Use: Scroll            |     3 |     5 |    10 |     6 ||    24
       Potion            |       |     1 |     5 |     5 ||    11
 Stab: Paralysed         |       |     1 |       |       ||     1
       Held in net/web   |       |       |     1 |       ||     1
  Eat: Chunk             |     1 |     9 |    14 |    14 ||    38
Armor: Leather armour    |    33 |    40 |       |       ||    73
       Chain mail        |       |    67 |   228 |   308 ||   603
       Skin              |       |       |    51 |     4 ||    55
Dodge: Dodged            |    62 |   131 |   147 |   307 ||   647
